 Dungeon Crawl Stone Soup version 0.25-a0-663-gace7076f2c (webtiles) character file.

Game seed: 17007431479502901418, levelgen mode: deterministic

1391 ReteAZ the Ruffian (level 8, -2/69 (70) HPs)
             Began as a Ghoul Fighter on Mar 24, 2020.
             Slain by a sky beast (6 damage)
             ... on level 5 of the Dungeon.
             The game lasted 00:07:24 (4396 turns).

ReteAZ the Ruffian (Ghoul Fighter)                  Turns: 4396, Time: 00:07:25

HP:   -2/69 (70)    AC: 11    Str: 20    XL:     8   Next: 68%
MP:   7/7           EV: 10    Int:  5    God:
Gold: 205           SH:  9    Dex:  8    Spells: 7/7 levels left

rFire    . . .     SeeInvis .     - Unarmed
rCold    + + .     Gourm    .   b - +0 kite shield
rNeg     + + +     Faith    .   w - +3 leather armour {rC+}
rPois    ∞         Spirit   .   C - +1 helmet
rElec    .         Reflect  .   k - +0 cloak
rCorr    .         Harm     +   t - +0 pair of gloves
MR       .....                  (no boots)
Stlth    +.........             u - amulet of harm
HPRegen  0.00/turn              (no ring)
MPRegen  0.10/turn              (no ring)

@: mighty, rotting
A: rotting body, claws 1, carnivore, cold resistance 1, negative energy
resistance 3, inhibited regeneration, torment resistance, unbreathing
a: no special abilities


You were on level 5 of the Dungeon.
You were not hungry.

You visited 1 branch of the dungeon, and saw 5 of its levels.

You collected 205 gold pieces.

Inventory:

Missiles
 y - 21 poisoned darts (quivered)
Armour
 a - a +0 scale mail
 b - a +0 kite shield (worn)
 k - a +0 cloak (worn)
 p - a +1 ring mail of magic resistance
 r - a +2 robe of magic resistance
 t - a +0 pair of gloves (worn)
 w - a +3 leather armour of cold resistance (worn)
 C - a +1 helmet (worn)
Jewellery
 o - an uncursed ring of stealth {unknown}
 u - an amulet of harm (around neck)
Wands
 E - a wand of acid (9)
Scrolls
 e - a scroll of enchant armour {unknown}
 g - 2 scrolls of remove curse {unknown}
 l - a scroll of fog {unknown}
 m - 2 scrolls of noise {unknown}
 n - 2 scrolls of teleportation {unknown}
 s - 3 scrolls of enchant weapon {unknown}
 v - 2 scrolls of identify {unknown}
 z - 2 scrolls of magic mapping {unknown}
 B - a scroll of immolation {unknown}
Potions
 f - a potion of berserk rage {unknown}
 h - 3 potions of heal wounds {unknown}
 i - 2 potions of lignification {unknown}
 j - 5 potions of curing {unknown}
 q - a potion of mutation {unknown}
 x - a potion of brilliance {unknown}
 A - a potion of haste {unknown}
 D - a potion of resistance {unknown}
 F - a potion of degeneration {unknown}
Comestibles
 d - 6 rations


   Skills:
 - Level 6.1 Fighting
 + Level 3.8 Armour
 * Level 3.7 Dodging
 + Level 3.8 Shields
 * Level 7.8 Unarmed Combat


You had 7 spell levels left.
You didn't know any spells.
Your spell library contained the following spells:

 Spells                   Type           Power        Failure   Level  Hunger
 Magic Dart               Conj           #...         95%         1    ##.....
 Searing Ray              Conj           #.....       99%         2    ###....
 Dazzling Flash           Conj/Hex       #.....       100%        3    ####...
 Fulminant Prism          Conj/Hex       #.........   100%        4    #####..
 Iskenderun's Mystic Bla  Conj/Tloc      #.......     100%        4    #####..


Dungeon Overview and Level Annotations

Branches:
Dungeon (5/15)
 Temple: D:4-7

Altars:
Nemelex Xobeh
Okawaru
Trog
Uskayaw
Wu Jian
Zin
The Shining One

Portals:
Ossuary: D:5


Innate Abilities, Weirdness & Mutations

Your body is rotting away.
You thrive on raw meat.
You are immune to poison.
You have sharp fingernails.
You are carnivorous and can eat meat at any time.
Your flesh is cold resistant. (rC+)
You are immune to negative energy. (rN+++)
You do not regenerate when monsters are visible.
You are immune to unholy pain and torment.
You can survive without breathing.


Message History

You block Ijyb's attack. You block something's attack.
You closely miss Ijyb.
Ijyb is almost dead.
Ijyb hits you but does no damage.
The freed slave hits Ijyb.
Something hits you but does no damage.
You miss Ijyb.
Ijyb is almost dead.
You block Ijyb's attack.
The freed slave misses Ijyb.
Something completely misses you.
You punch Ijyb!
You kill Ijyb!
Something hits you but does no damage.
You hit something. Something hits you.
* * * LOW HITPOINT WARNING * * *
Something shocks you.
* * * LOW HITPOINT WARNING * * *
You barely miss something. Something hits you.
* * * LOW HITPOINT WARNING * * *
Something shocks you.
You die...

+# ### ........
#### >......
##... .....#
########....
..?.#
#...........
...#
#.######....
#.p# #.# ##...
######..# ##.##
##.# #.....)@#
#...# #.#
....##{.# #.#.#
#.# # #
#..####.#.# #.#
#.##.p#....#..
###.#
#.......#######
#....
####..#....#.
#.#.#
#..####.#.
#.#.# #..# #.#.
##.#.# #..#
#...####....#


You could see 2 neutral freed slaves.

Vanquished Creatures
  Pikel (D:5)
  Sigmund (D:3)
  Edmund (D:5)
  A slave (D:5)
  An ogre (D:4)
  A centaur (D:5)
  A howler monkey (D:4)
  2 hounds (D:4)
  Ijyb (D:5)
  A bullfrog skeleton (D:5)
  Jessica (D:3)
  Terence (D:3)
  An orc wizard (D:5)
  4 worker ants (D:4)
  Natasha (thrice) (D:2)
  2 adders
  An ooze (D:3)
  4 worms
  A dart slug (D:2)
  5 leopard geckos
  12 orcs
  3 giant cockroaches
  7 goblins
  12 hobgoblins
  12 jackals
  9 kobolds
  A quokka (D:2)
  2 ball pythons
  8 bats
  6 frilled lizards
  11 rats
117 creatures vanquished.

Notes
Turn   | Place    | Note
-------+----------+-------------------------------------------
     0 | D:1      | ReteAZ the Ghoul Fighter began the quest for the Orb.
     0 | D:1      | Reached XP level 1. HP: 19/19 MP: 0/0
    35 | D:1      | Reached XP level 2. HP: 24/26 MP: 1/1
    79 | D:1      | Reached skill level 3 in Unarmed Combat
   169 | D:1      | Reached XP level 3. HP: 32/33 MP: 2/2
   996 | D:2      | Reached skill level 4 in Unarmed Combat
  1000 | D:2      | Found a faded altar of an unknown god.
  1040 | D:2      | Reached XP level 4. HP: 40/40 MP: 3/3
  1101 | D:2      | Found a glowing golden altar of the Shining One.
  1298 | D:2      | Noticed Natasha
  1305 | D:2      | Killed Natasha
  1404 | D:2      | Found an iron altar of Okawaru.
  1523 | D:2      | Found an iron altar of Okawaru.
  1594 | D:2      | Found a glowing golden altar of the Shining One.
  1643 | D:2      | Noticed Natasha
  1651 | D:2      | Killed Natasha
  1651 | D:2      | Reached XP level 5. HP: 42/46 MP: 4/4
  1674 | D:2      | Noticed Natasha
  1681 | D:2      | Killed Natasha
  1681 | D:2      | Reached skill level 5 in Unarmed Combat
  1687 | D:2      | Found a faded altar of an unknown god.
  1961 | D:3      | Found a bloodstained altar of Trog.
  1961 | D:3      | Noticed Terence
  1966 | D:3      | Killed Terence
  1995 | D:3      | Noticed Sigmund
  2006 | D:3      | Killed Sigmund
  2006 | D:3      | Reached skill level 5 in Fighting
  2006 | D:3      | Reached skill level 6 in Unarmed Combat
  2006 | D:3      | Reached XP level 6. HP: 38/56 MP: 5/5
  2446 | D:3      | Noticed Jessica
  2448 | D:3      | Killed Jessica
  2454 | D:3      | Found a hide-covered altar of Uskayaw.
  2753 | D:4      | Found a sparkling altar of Nemelex Xobeh.
  2922 | D:4      | Found a glowing silver altar of Zin.
  2986 | D:4      | Reached skill level 1 in Dodging
  2986 | D:4      | Reached XP level 7. HP: 28/61 MP: 6/6
  3973 | D:5      | Entered Level 5 of the Dungeon
  4031 | D:5      | Found an ornate altar of the Wu Jian Council.
  4196 | D:5      | Reached skill level 7 in Unarmed Combat
  4283 | D:5      | Noticed Edmund
  4302 | D:5      | Killed Edmund
  4302 | D:5      | Reached XP level 8. HP: 42/70 MP: 7/7
  4311 | D:5      | Found a sand-covered staircase.
  4373 | D:5      | Noticed Pikel
  4373 | D:5      | Noticed Ijyb
  4384 | D:5      | Killed Pikel
  4394 | D:5      | Killed Ijyb
  4396 | D:5      | Slain by a sky beast

Levels and vault maps discovered:
D:1:      lightli_molten_gateway, layout_basic, minmay_misc_feat_four_crosses
D:2:      layout_basic, nicolae_overflow_crystal_walls, marbit_many_paths,
          chequers_ecumenical_altar_simple_redux, uniq_natasha
D:3:      layout_basic, overflow_temple_1_default,
          eat_drink_and_be_merry_uskayaw, first_ration, corexii_shack,
          uniq_terence, uniq_sigmund, uniq_jessica
D:4:      wander_river, layout_basic, overflow_temple_1_default,
          nemelex_spade_bored_becter
D:5:      layout_loops_ring, nicolae_overflow_hidden_temple,
          nicolae_ossuary_entry_false_entrances, nicolae_ru_path_of_blood,
          uniq_edmund, uniq_ijyb, uniq_pikel

Skill      XL: |  1  2  3  4  5  6  7  8 |
---------------+-------------------------+-----
Unarmed Combat | 3 4 6 7 |  7.8
Fighting       | 4 5 6 |  6.1
Dodging        | 1 2 3 |  3.7
Armour         | 3 |  3.8
Shields        | 3 |  3.8

Action                   |  1- 3 |  4- 6 |  7- 9 || total
-------------------------+-------+-------+-------++-------
Melee: Unarmed           |   167 |   173 |   144 ||   484
Throw: Dart              |       |       |     2 ||     2
  Use: Potion            |       |     1 |     1 ||     2
  Eat: Chunk             |    12 |     9 |     8 ||    29
Armor: Scale mail        |    88 |    19 |       ||   107
       Leather armour    |       |    23 |    43 ||    66
       Robe              |       |     8 |       ||     8
Dodge: Dodged            |    59 |    28 |    43 ||   130
Block: Kite shield       |    84 |    36 |    56 ||   176

Table legend:
 A = Non-vault XP
 B = Vault XP
 C = Vault XP percentage of total XP
 D = Non-vault monster count
 E = Vault monster count
 F = Vault count percentage of total count
                 A         B        C        D         E       F
            +---------+---------+-------+---------+---------+-------
      Total |     874 |    1114 |  56.0 |     107 |       9 |   7.8
            +---------+---------+-------+---------+---------+-------
        D:1 |      58 |       0 |   0.0 |      34 |       0 |   0.0
        D:2 |     129 |      37 |  22.3 |      28 |       2 |   6.7
        D:3 |      33 |     283 |  89.6 |      13 |       4 |  23.5
        D:4 |     444 |       0 |   0.0 |      24 |       0 |   0.0
        D:5 |     210 |     794 |  79.1 |       8 |       3 |  27.3
            +---------+---------+-------+---------+---------+-------
